 Dungeon Crawl Stone Soup version 0.23.0-3-gf3c87f2 (webtiles) character file.

Game seed: 15132802699200450629

83 Scud the Sneak (level 4, -4/23 HPs)
             Began as a Spriggan Assassin on Feb 23, 2019.
             Killed from afar by an orc wizard (12 damage)
             ... with a magic dart
             ... on level 3 of the Dungeon.
             The game lasted 00:07:04 (2854 turns).

Scud the Sneak (Spriggan Assassin)                  Turns: 2854, Time: 00:07:04

Health: -4/23      AC:  3    Str:  7    XL:     4   Next: 22%
Magic:  5/5        EV: 19    Int: 12    God:
Gold:   63         SH:  0    Dex: 18    Spells: 3/3 levels left

rFire    . . .     SeeInvis +   a - +2 dagger
rCold    . . .     Gourm    .   (shield restricted)
rNeg     . . .     Faith    .   c - +0 robe
rPois    .         Spirit   .   (helmet restricted)
rElec    .         Reflect  .   d - +0 cloak
rCorr    .         Harm     .   (gloves unavailable)
MR       .....                  (boots unavailable)
Stlth    +++.......             q - amulet of the acrobat
HPRegen  0.07/turn              (no ring)
MPRegen  0.09/turn              (no ring)

@: very quick
A: very small, unfitting armour, see invisible, herbivore, speed 3, slow
metabolism 2
a: no special abilities


You were on level 3 of the Dungeon.
You were not hungry.

You visited 1 branch of the dungeon, and saw 3 of its levels.

You collected 63 gold pieces.

Inventory:

Hand Weapons
 a - a +2 dagger (weapon)
 b - a +0 blowgun
Missiles
 e - 8 poisoned needles
 f - 2 curare-tipped needles
Armour
 c - a +0 robe (worn)
 d - a +0 cloak (worn)
Jewellery
 q - an amulet of the acrobat (around neck)
Scrolls
 i - a scroll of amnesia
 j - 4 scrolls of remove curse
 k - 2 scrolls of teleportation {unknown}
 n - 2 scrolls of identify {unknown}
Potions
 h - a potion of brilliance {unknown}
 l - a potion of berserk rage {unknown}
 m - a potion of haste {unknown}
 o - a potion of lignification {unknown}
 p - 2 potions of mutation {unknown}
 r - a potion of might {unknown}
Comestibles
 g - 3 rations


   Skills:
 + Level 2.2 Fighting
 + Level 3.9 Short Blades
 - Level 2.0 Throwing
 + Level 3.2 Dodging
 - Level 5.8 Stealth


You had 3 spell levels left.
You didn't know any spells.
Your spell library was empty.

Dungeon Overview and Level Annotations

Branches:
Dungeon (3/15)

Altars:
Ashenzari


Innate Abilities, Weirdness & Mutations

You are very small and have problems with some larger weapons.
You are too small for most types of armour.
You have supernaturally acute eyesight. (SInv)
You are a herbivore.
You cover ground extremely quickly.
You need to consume almost no food.


Message History

The orc wizard is heavily wounded.
The orc wizard hits you with a +0 dagger.
You hit the orc wizard.
The orc wizard is heavily wounded.
The orc wizard misses you.
You hit the orc wizard.
The orc wizard is heavily wounded.
The orc wizard casts a spell at you. The magic dart hits you.
You hit the orc wizard.
The orc wizard is severely wounded.
You hit the orc wizard but do no damage.
The orc wizard is severely wounded.
The orc wizard hits you with a +0 dagger.
You hit the orc wizard.
The orc wizard is severely wounded.
The orc wizard points at you and mumbles some strange words.
The magic dart hits you!
Ouch! That really hurt!
You die...

#. ..# #.# #.##
####.#### #..#
#.......# #..#
#.......#
#..###.......#
#...........o#
#####.####......@#
.....!..........<#
.###..####.......#
......# ######.##
####.<# .... #o.#
##.### #..####.##
#.# #......... ..#
#..####.## ###


You could see an orc wizard.

Vanquished Creatures
  An orc wizard (D:2)
  A leopard gecko (D:1)
  5 orcs
  2 ball pythons (D:1)
  3 giant cockroaches
  12 goblins
  2 hobgoblins
  8 kobolds
  A quokka (D:2)
  5 bats
  2 frilled lizards (D:1)
  2 rats
44 creatures vanquished.

Notes
Turn   | Place    | Note
-------+----------+-------------------------------------------
     0 | D:1      | Scud the Spriggan Assassin began the quest for the Orb.
     0 | D:1      | Reached XP level 1. HP: 10/10 MP: 2/2
   462 | D:1      | Reached XP level 2. HP: 15/15 MP: 3/3
   510 | D:1      | Found a shattered altar of Ashenzari.
  1107 | D:2      | Reached XP level 3. HP: 18/18 MP: 4/4
  1589 | D:2      | Reached XP level 4. HP: 6/23 MP: 5/5
  2854 | D:3      | Killed from afar by an orc wizard

Skill      XL: |  1  2  3 |
---------------+----------+-----
Short Blades   | 3 |  3.9
Dodging        | 2 3 |  3.2
Fighting       | 2 |  2.2
Throwing       | |  2.0
Stealth        | |  5.8

Action                   |  1- 3 |  4- 6 || total
-------------------------+-------+-------++-------
Melee: Dagger            |   159 |    52 ||   211
  Use: Scroll            |       |     2 ||     2
 Stab: Sleeping          |     5 |       ||     5
Armor: Robe              |    22 |     2 ||    24
Dodge: Dodged            |   103 |    41 ||   144
